 Dungeon Crawl Stone Soup version bcrawl-1.40.3b (webtiles) character file.

Game seed: 17325133573944283447

215082 Lazarus1551 the Magician (level 7, -5/51 HPs)
             Began as an Oni Ice Elementalist on Nov 28, 2023.
             Slain by a two-headed ogre
             ... wielding a +0 giant club
              (12 damage)
             ... on level 4 of the Dungeon.
             The game lasted 00:18:56 (3719 turns).

Lazarus1551 the Magician (Oni Ice Elementalist)     Turns: 3719, Time: 00:18:56

Health: -5/51      AC:  2    Str: 11    XL:     7   Next: 51%
Magic:  7/17       EV: 10    Int: 19    God:
Gold:   275        SH:  3    Dex: 11    Spells: 7/17 levels left

rFire    . . .     GDR:     23% j - +1 dagger (drain)
rCold    . . .     SeeInvis .   r - +0 buckler
rNeg     . . .     Gourm    .   a - +0 animal skin
rPois    .         Faith    .   (helmet restricted)
rElec    .         Spirit   .   (no cloak)
rCorr    .         Reflect  .   (no gloves)
MR       .....                  (no boots)
Stlth    ++........             (no amulet)
HPRegen  0.18/turn              (no ring)
MPRegen  0.15/turn              (no ring)

@: very slightly contaminated
A: oni magic, claws 1, fangs 1, horns 1
a: no special abilities


You were on level 4 of the Dungeon.
You were hungry.

You visited 1 branch of the dungeon, and saw 4 of its levels.

You collected 275 gold pieces.

Inventory:

Hand Weapons
 j - a +1 dagger of draining (weapon)
Missiles
 b - 1160 stones (quivered)
Armour
 a - a +0 animal skin (worn)
 d - a +0 ring mail of magic resistance
 r - a +0 buckler (worn)
Wands
 o - a wand of polymorph (10)
Scrolls
 h - 3 scrolls of enchant weapon {unknown}
 k - a scroll of revelation {unknown}
 l - a scroll of noise {unknown}
 m - a scroll of amnesia {unknown}
Potions
 f - a potion of flight
 g - a potion of lignification
 n - 2 potions of curing
 q - a potion of haste {unknown}
Comestibles
 e - 9 rations {!d}


   Skills:
 + Level 0.8 Fighting
 + Level 1.1 Short Blades
 + Level 0.2 Throwing
 + Level 2.1 Dodging
 - Level 1.7 Stealth
 * Level 5.9 Spellcasting
   Level 5.9 Conjurations
   Level 5.9 Hexes
   Level 5.9 Charms
   Level 5.9 Summonings
   Level 5.9 Necromancy
   Level 5.9 Translocations
   Level 5.9 Transmutations
   Level 5.9 Fire Magic
   Level 5.9 Ice Magic
   Level 5.9 Air Magic
   Level 5.9 Earth Magic
   Level 5.9 Poison Magic


You had 7 spell levels left.
You knew the following spells:

 Your Spells              Type           Power        Failure   Level  Hunger
a - Freeze                Ice            ####..       1%          1    None
b - Static Discharge      Air            ####..       1%          1    None
c - Throw Frost           Conj/Ice       ####..       1%          2    None
d - Ozocubu's Armour      Chrm/Ice       ####....     9%          3    ##.....
e - Iskenderun's Mystic   Conj           ####....     6%          3    ##.....

Your spell library contained the following spells:

 Spells                   Type           Power        Failure   Level  Hunger
 Regeneration             Chrm/Necr      ####......   9%          3    ##.....
 Ice Form                 Ice/Tmut       ####....     28%         4    ####...
 Summon Ice Beast         Ice/Summ       ####....     28%         4    ####...
 Throw Icicle             Conj/Ice       ####....     28%         4    ####...


Dungeon Overview and Level Annotations

Branches:
Dungeon (4/12)
 Temple: D:4-7

Altars:
Fedhas
Gozag
Kikubaaqudgha


Innate Abilities, Weirdness & Mutations

You learn spells by gaining experience, not through books or religion.
You only train spellcasting to practice magic.
You have sharp fingernails.
You have very sharp teeth.
You have a pair of small horns on your head.


Message History

Your icy armour thickens.
Your icy armour evaporates.
The two-headed ogre hits you with a +0 giant club!
* * * LOW HITPOINT WARNING * * *
The two-headed ogre barely misses you.
Evoke which item? (* to show all) (? for menu, Esc to quit)
Aiming: Iceblast
Press: ? - help, Shift-Dir - straight line, f - two-headed ogre
Aim: a two-headed ogre, wielding a +0 giant club and a -1 giant spiked club (moderately wounded, lightly drained)
The mass of ice explodes!
The iceblast engulfs the two-headed ogre!
The two-headed ogre is heavily wounded.
The now-empty wand crumbles to dust.
Casting: Ozocubu's Armour (safe; 9% risk of failure)
Confirm with . or Enter, or press ? or * to list all spells.
You miscast Ozocubu's Armour.
You are very lightly contaminated with residual magic.
You feel a strange surge of energy!
The two-headed ogre hits you with a +0 giant club!
You die...

#########
#.......#
#.#####.#
#.# #.#
#.# #.#
#.# #.#
########.#
#.#######
........>#
#..@O...#
########.#
#######.#
#.### #.#
#...# #.#
#...# #.#
######
#...# #.#
.....#
#...# #.#
...#.#
#...# #.#
...#.#
#...#
#.#####


You could see a two-headed ogre.

Vanquished Creatures
  2 ogres (D:4)
  A kobold brigand (D:4)
  An orc priest (D:4)
  A crimson imp (D:4)
  A hound (D:4)
  Natasha (twice) (D:4)
  An iguana (D:2)
  2 orc wizards
  2 worker ants (D:4)
  Ijyb (D:3)
  4 adders
  An ooze (D:4)
  An adder skeleton (D:4)
  A worm (D:4)
  A dart slug (D:1)
  2 leopard geckos
  2 orcs (D:4)
  A bat zombie (D:3)
  2 giant cockroaches (D:3)
  5 goblins
  9 hobgoblins
  4 jackals (D:3)
  A quokka (D:3)
  A ball python (D:4)
  4 bats
  3 frilled lizards
  4 kobolds
  3 rats
  A rat zombie (D:3)
64 creatures vanquished.

Vanquished Creatures (others)
  A quokka (D:4)
1 creature vanquished.

Grand Total: 65 creatures vanquished

Notes
Turn   | Place    | Note
-------+----------+-------------------------------------------
     0 | D:1      | Lazarus1551 the Oni Ice Elementalist began the quest for
                  | the Orb.
     0 | D:1      | Reached XP level 1. HP: 14/14 MP: 6/6
   383 | D:1      | Reached XP level 2. HP: 12/20 MP: 4/7
   392 | D:1      | Learned a level 1 spell: Static Discharge
   652 | D:1      | Reached skill level 3 in Spellcasting
  1221 | D:2      | Reached XP level 3. HP: 9/26 MP: 3/10
  1485 | D:3      | Reached XP level 4. HP: 30/33 MP: 5/11
  1606 | D:3      | Found an ancient bone altar of Kikubaaqudgha.
  1702 | D:3      | Noticed Ijyb
  1707 | D:3      | Learned a level 2 spell: Throw Frost
  1711 | D:3      | Learned a level 3 spell: Ozocubu's Armour
  1718 | D:3      | Killed Ijyb
  1754 | D:3      | Found a glowing golden altar of the Shining One.
  1807 | D:3      | Found a blossoming altar of Fedhas.
  1899 | D:3      | Reached skill level 4 in Spellcasting
  1899 | D:3      | Reached XP level 5. HP: 20/38 MP: 7/13
  1945 | D:3      | Found an opulent altar of Gozag.
  2368 | D:4      | Noticed a two-headed ogre
  2483 | D:4      | Found a white marble altar of Elyvilon.
  2544 | D:4      | Noticed Natasha
  2553 | D:4      | Killed Natasha
  2623 | D:4      | Reached skill level 1 in Short Blades
  2623 | D:4      | Reached XP level 6. HP: 40/46 MP: 12/14
  2658 | D:4      | HP: 1/46 [ogre/+0 giant club (24)]
  2725 | D:4      | HP: 2/46 [ogre/+0 giant club (10)]
  2899 | D:4      | Reached skill level 5 in Spellcasting
  2926 | D:4      | Noticed Natasha
  2929 | D:4      | Killed Natasha
  3072 | D:4      | Reached XP level 7. HP: 29/51 MP: 8/16
  3191 | D:4      | Learned a level 3 spell: Iskenderun's Mystic Blast
  3719 | D:4      | Slain by a two-headed ogre

Skill      XL: |  1  2  3  4  5  6 |
---------------+-------------------+-----
Spellcasting   | 3 4 5 |  5.9
Dodging        | 2 |  2.1
Short Blades   | 1 |  1.1
Fighting       | |  0.8
Throwing       | |  0.2
Stealth        | |  1.7
Conjurations   | |  5.9
Hexes          | |  5.9
Charms         | |  5.9
Summonings     | |  5.9
Necromancy     | |  5.9
Translocations | |  5.9
Transmutations | |  5.9
Fire Magic     | |  5.9
Ice Magic      | |  5.9
Air Magic      | |  5.9
Earth Magic    | |  5.9
Poison Magic   | |  5.9

Action                   |  1- 3 |  4- 6 |  7- 9 || total
-------------------------+-------+-------+-------++-------
Melee: Unarmed           |     4 |       |       ||     4
       Dagger            |     5 |    30 |     7 ||    42
       Bite              |     2 |     1 |       ||     3
       Headbutt          |       |     4 |       ||     4
Throw: Stone             |       |     8 |       ||     8
 Cast: Freeze            |    32 |    45 |     3 ||    80
       Static Discharge  |     3 |     4 |       ||     7
       Throw Frost       |       |    11 |     2 ||    13
       Ozocubu's Armour  |       |     6 |     6 ||    12
       Iskenderun's Myst |       |       |     7 ||     7
Evoke: Wand              |       |       |     1 ||     1
  Use: Scroll            |       |     3 |       ||     3
 Stab: Sleeping          |     1 |     1 |       ||     2
  Eat: Chunk             |     3 |     8 |     3 ||    14
Armor: Animal skin       |     2 |    14 |     5 ||    21
Dodge: Dodged            |    20 |    31 |     5 ||    56
Block: Buckler           |       |     6 |     3 ||     9
